Map: Ice and Chrome LE

Players

HeroMarine

  • Race: Terran Terran
  • Spawn Location: 1:00

PartinG - Winner!

  • Race: Protoss Protoss
  • League: Master
  • Spawn Location: 7:00

Event: DreamHack SC2 Masters 2020 Summer Season Finals

VOD

Have the link to the VOD?

Description

Time

  • Played on: July 16, 2020, 10:43 a.m.
  • Length: 23:52

All games in this series

Show
View Real Time Build Order
Export as new Build Order

HeroMarine Terran 

Build Orders: Liberator Opening, Reaper Expand 

Get SALT Encoding   

  12  0:01  SCV  
  13  0:13  SCV  
  14  0:17  Supply Depot  
  14  0:25  SCV  
  15  0:39  SCV  
  15  0:40  Barracks  
  16  0:42  Refinery  
  16  0:51  SCV  
  17  1:03  SCV  
  18  1:15  SCV  
  19  1:28  Reaper, Orbital Command  
  20  1:42  Command Center  
  20  1:49  Supply Depot  
  20  1:54  SCV  
  21  2:00  Marine  
  22  2:06  SCV  
  23  2:10  Factory  
  23  2:18  SCV, Bunker  
  23  2:21  Barracks Reactor  
  24  2:29  Refinery  
  24  2:30  SCV  
  25  2:42  SCV  
  26  2:54  SCV  
  26  2:55  Orbital Command  
  26  3:00  Marine x2  
  26  3:01  Hellion  
  26  3:05  Starport  
  30  3:06  SCV  
  31  3:18  SCV, Marine x2  
  34  3:20  SCV  
  34  3:22  Supply Depot  
  34  3:24  Factory Tech Lab  
  35  3:30  SCV  
  35  3:33  SCV  
  37  3:36  Marine x2  
  39  3:42  Liberator  
  39  3:43  SCV  
  39  3:44  Supply Depot  
  39  3:45  SCV  
  44  3:55  SCV, Marine x2  
  44  3:56  Siege Tank  
  44  3:57  SCV  
  48  4:03  Barracks  
  48  4:07  SCV  
  48  4:09  SCV  
  50  4:13  Marine x2  
  52  4:19  SCV  
  52  4:20  Bunker  
  52  4:21  SCV  
  54  4:26  Barracks  
  54  4:29  Siege Tank  
  54  4:30  Marine  
  54  4:31  Marine  
  59  4:33  SCV x2  
  59  4:35  Supply Depot  
  61  4:42  Engineering Bay  
  61  4:43  Refinery, Starport Tech Lab  
  62  4:45  SCV  
  62  4:49  Bunker  
  62  4:56  SCV, Marine x2  
  62  4:57  SCV  
  66  5:01  Siege Tank  
  69  5:08  SCV  
  69  5:11  SCV  
  69  5:14  Marine x2  
  70  5:19  Marine x2  
  70  5:20  SCV  
  66  5:25  SCV  
  66  5:26  Stimpack  
  66  5:32  SCV, Marine  
  68  5:37  SCV  
  68  5:42  Terran Infantry Weapons Level 1  
  68  5:45  SCV, Refinery  
  68  5:46  Marine  
  68  5:47  Factory Tech Lab  
  70  5:50  Supply Depot  
  70  5:51  SCV, Marine  
  70  5:52  Supply Depot, Combat Shield  
  70  5:54  Starport Reactor  
  70  5:57  SCV, Marine x2  
  72  6:04  SCV, Marine  
  76  6:09  SCV  
  77  6:12  Siege Tank  
  77  6:15  Supply Depot  
  77  6:16  SCV, Supply Depot  
  85  6:18  Marauder x2  
  85  6:19  Marine  
  85  6:21  Marine  
  86  6:32  Medivac x2, Supply Depot  
  89  6:37  Marine  
  89  6:39  Marauder, Marine  
  95  6:40  Marauder  
  95  6:41  Missile Turret  
  95  6:52  Siege Tank  
  98  6:55  Marine  
  98  6:57  Marine  
  98  7:01  Marauder x2  
  104  7:04  SCV  
  104  7:06  Command Center  
  105  7:12  Medivac, Marine  
  105  7:15  Marine  
  108  7:17  Medivac  
  108  7:18  Supply Depot  
  108  7:22  Marauder x2  
  105  7:26  SCV  
  105  7:27  SCV  
  103  7:32  Marine  
  103  7:33  Marine  
  105  7:39  SCV x2  
  105  7:42  Siege Tank  
  105  7:44  Marauder x2  
  113  7:50  Marine x2  
  113  7:51  SCV x2  
  117  7:57  Viking  
  119  8:03  Viking  
  119  8:05  Marauder  
  121  8:07  Marauder  
  121  8:09  Marine  
  121  8:12  SCV  
  125  8:14  Marine  
  120  8:23  Orbital Command  
  120  8:26  SCV, Marauder  
  119  8:27  SCV, Marine  
  119  8:29  Marauder  
  108  8:37  Marine  
  108  8:38  SCV  
  108  8:39  SCV  
  98  8:42  Siege Tank  
  98  8:44  Marine  
  98  8:46  Terran Infantry Armor Level 1  
  98  8:48  Marauder  
  100  8:50  Marauder  
  93  8:59  SCV x2  
  93  9:00  Marine  
  93  9:02  Marine  
  89  9:07  Medivac x2  
  89  9:09  Marauder  
  96  9:11  Marauder  
  98  9:17  Orbital Command, Siege Tank  
  98  9:18  Barracks  
  98  9:19  Barracks  
  98  9:22  Marine x2  
  103  9:27  SCV x2  
  103  9:31  Marauder  
  107  9:33  Marauder  
  107  9:38  Viking, Missile Turret  
  109  9:39  Marine x2  
  109  9:41  Viking  
  109  9:43  SCV  
  116  9:46  SCV  
  116  9:52  Marauder  
  118  9:54  Marine  
  118  9:56  SCV x2  
  118  9:57  Marine x2  
  118  9:58  SCV  
  124  10:02  Siege Tank  
  124  10:04  Missile Turret  
  124  10:07  Barracks Reactor, Barracks Tech Lab  
  127  10:09  Refinery  
  127  10:10  Refinery  
  127  10:12  Marauder  
  127  10:13  Viking x2, Marauder  
  135  10:22  Supply Depot x2  
  135  10:25  SCV  
  138  10:30  Marine  
  138  10:31  Marauder  
  138  10:33  Supply Depot x2, Marine  
  140  10:39  Marauder, Ghost Academy  
  141  10:43  Siege Tank  
  141  10:44  Marauder  
  141  10:45  Marine x2  
  141  10:47  Armory  
  136  10:51  Marine x2  
  136  10:52  Marauder  
  140  10:59  Medivac x2  
  140  11:01  Marauder  
  140  11:03  Marine x2  
  148  11:05  Marauder  
  148  11:08  Bunker  
  150  11:13  Ghost  
  150  11:14  Enhanced Shockwaves  
  152  11:19  Concussive Shells  
  152  11:22  Ghost  
  154  11:26  Marine x2  
  154  11:27  Marine  
  157  11:35  Ghost  
  157  11:37  SCV x3  
  157  11:38  Marine  
  163  11:41  Ghost  
  163  11:43  Marine  
  163  11:45  Siege Tank  
  169  11:51  Marauder  
  169  11:53  Supply Depot  
  169  11:54  Supply Depot, Marine  
  172  12:00  Terran Infantry Weapons Level 2  
  168  12:05  Marauder  
  169  12:14  Marauder  
  169  12:15  Marauder  
  169  12:20  Marine  
  170  12:26  Marauder  
  170  12:33  Liberator x2, Siege Tank  
  170  12:36  Marauder x2  
  180  12:44  Marine  
  152  12:48  Marauder  
  152  12:50  Engineering Bay  
  128  12:53  Marine x2  
  128  12:54  Command Center, Marine  
  128  12:57  Marauder x2  
  132  13:01  Marine  
  133  13:07  Siege Tank  
  133  13:09  Marauder  
  133  13:10  Marine  
  133  13:11  Marine  
  140  13:13  Marine  
  140  13:18  Marauder  
  140  13:19  Marauder, Marine  
  146  13:21  Liberator x2  
  146  13:25  Terran Ship Weapons Level 1  
  152  13:31  Marauder, Marine  
  155  13:39  Siege Tank  
  155  13:40  Marauder x2  
  162  13:44  Marine x3  
  164  13:49  Marine  
  164  13:52  Terran Infantry Armor Level 2  
  164  13:53  Ghost  
  166  14:01  Marauder, Marine  
  166  14:02  Marine  
  170  14:04  Marine x2  
  170  14:06  Liberator  
  175  14:12  Liberator  
  178  14:19  Marauder  
  178  14:22  Marauder  
  178  14:23  Marauder  
  183  14:30  Marine x2  
  172  14:35  Siege Tank  
  172  14:36  Marine x2  
  172  14:41  Marauder  
  172  14:44  Marauder x2  
  172  14:47  Marine  
  172  14:51  Marine  
  173  14:53  Marine  
  173  14:55  Liberator  
  168  15:02  Marauder, Liberator  
  168  15:05  Marauder  
  169  15:09  Marauder, Marine  
  169  15:11  Marine  
  169  15:13  Marine x2  
  170  15:23  Marauder  
  164  15:30  Marauder, Marine x2  
  164  15:33  Marauder  
  153  15:39  Marine x2  
  151  15:45  Marauder  
  151  15:48  Marine x2  
  144  15:51  Marine  
  144  15:54  Marauder  
  146  15:57  Marine x2  
  148  16:06  Marauder  
  148  16:07  Marine x2  
  133  16:14  Planetary Fortress  
  128  16:23  Marauder  
  128  16:25  Marine  
  124  16:31  SCV x3  
  124  16:32  Marine  
  103  16:52  Marauder  
  103  16:54  Marauder  
  94  16:56  Marauder, Marine x2  
  89  17:09  Marine x2  
  89  17:13  Medivac  
  89  17:14  Marine  
  98  17:16  Medivac  
  98  17:20  Marine  
  102  17:27  Marine x2  
  102  17:29  Ghost  
  101  17:30  Ghost x2  
  101  17:32  Marine  
  106  17:38  Missile Turret  
  106  17:44  Siege Tank  
  106  17:45  Medivac  
  106  17:49  Medivac  
  106  17:51  SCV x2  
  115  17:55  SCV  
  116  17:59  Marauder x2  
  116  18:01  Marine  
  119  18:06  Marine x2  
  119  18:09  Marauder  
  119  18:10  Marine  
  122  18:19  Ghost, Marine  
  123  18:20  Ghost  
  123  18:24  Siege Tank  
  123  18:25  Marine  
  131  18:27  Marine  
  131  18:30  Marine  
  131  18:33  SCV x2  
  135  18:39  Marauder  
  131  18:49  Sensor Tower  
  131  18:50  Marauder  
  131  18:51  Marauder  
  135  19:00  Marauder  
  136  19:09  Marine x2  
  134  19:10  Medivac  
  134  19:11  Medivac  
  134  19:12  Marauder x2  
  134  19:15  Marine x2  
  143  19:21  Marauder  
  141  19:26  Marine  
  141  19:27  Marine  
  139  19:32  Marine x2  
  139  19:33  Marauder, Siege Tank  
  145  19:40  Marauder  
  147  19:46  Marauder  
  147  19:50  Marine  
  114  19:55  Marauder  
  114  19:56  Medivac x2  
  114  19:57  Marine  
  114  19:58  Marine x2  
  117  20:04  Marauder  
  117  20:07  Ghost  
  110  20:24  Marauder  
  110  20:25  Marine x3  
  110  20:27  Marauder  
  110  20:28  Marine  
  117  20:36  Marauder  
  108  20:43  Marine x3  
  108  20:45  Marauder  
  108  20:46  Marine  
  108  20:49  Marauder  
  100  20:57  Marauder  
  100  21:00  Marine  
  100  21:01  Marine x2  
  100  21:03  Marine  
  99  21:04  Siege Tank  
  99  21:05  Liberator  
  99  21:07  Marauder  
  99  21:09  Liberator  
  107  21:14  Marauder  
  109  21:18  Marine x2  
  109  21:20  Marine  
  109  21:24  Marine x2  
  114  21:27  Marine  
  115  21:35  Marauder  
  115  21:36  Marauder, Marine  
  119  21:48  Marine, Liberator  
  119  21:51  Marine x2  
  119  21:52  Liberator  
  128  21:59  Marauder  
  128  22:00  Marauder  
  132  22:04  Marauder  
  134  22:15  Marine x2  
  136  22:20  Marauder  
  136  22:21  Marauder  
  109  22:30  Marauder, Marine  
  109  22:31  Marine  
  109  22:36  Marine  
  114  22:38  Marine  
  114  22:41  Marine  
  113  22:49  Marauder  
  110  22:53  Marine  
  107  22:59  Marine x2  
  101  23:08  Marine  
  101  23:12  Marine  
  102  23:13  Marine x3  
  106  23:24  Marine x2  
  106  23:25  Marine  
  89  23:30  Marine x2  
  89  23:32  Marine  
Show
View Real Time Build Order
Export as new Build Order

PartinG Protoss - Winner!

Build Orders: 1 Gate Expand, Blink Stalkers 

Get SALT Encoding   

  12  0:00  Probe  
  13  0:13  Probe  
  14  0:17  Pylon  
  14  0:25  Probe  
  15  0:33  Probe  
  15  0:35  Gateway  
  15  0:41  Probe  
  16  0:46  Assimilator  
  17  0:51  Probe  
  18  1:03  Probe  
  19  1:15  Probe  
  20  1:21  Cybernetics Core  
  20  1:30  Nexus  
  20  1:37  Pylon  
  20  1:40  Probe  
  20  1:46  Assimilator  
  21  1:47  Adept  
  21  1:52  Probe  
  24  2:02  Shield Battery  
  24  2:05  Probe  
  24  2:08  Stalker, Warp Gate  
  25  2:21  Probe  
  28  2:33  Probe  
  28  2:35  Twilight Council  
  29  2:42  Probe  
  30  2:45  Probe  
  30  2:48  Blink  
  31  2:55  Probe  
  31  2:57  Probe  
  33  3:04  Robotics Facility  
  31  3:07  Probe  
  31  3:09  Probe  
  33  3:19  Probe  
  34  3:22  Probe  
  34  3:26  Gateway  
  35  3:29  Gateway  
  35  3:34  Probe x2  
  35  3:38  Gateway  
  37  3:45  Warp Prism  
  37  3:46  Probe x2  
  38  3:58  Stalker  
  38  4:01  Probe  
  38  4:02  Probe  
  44  4:05  Assimilator  
  44  4:08  Pylon  
  44  4:16  Probe x2, Pylon  
  46  4:26  Stalker x2, Observer  
  46  4:29  Probe  
  52  4:31  Stalker  
  52  4:36  Stalker  
  56  4:39  Pylon  
  57  4:45  Pylon  
  56  4:53  Observer  
  56  4:58  Stalker x3  
  63  5:01  Stalker  
  62  5:14  Probe x2  
  58  5:26  Probe x2  
  58  5:30  Stalker x3  
  60  5:39  Probe  
  57  5:47  Probe  
  57  5:49  Assimilator  
  58  5:55  Observer  
  58  5:59  Probe  
  58  6:00  Probe, Robotics Bay  
  60  6:05  Gateway  
  60  6:06  Gateway  
  60  6:10  Observer  
  60  6:11  Probe, Stalker x2  
  65  6:12  Zealot x2  
  65  6:13  Charge  
  69  6:24  Pylon  
  69  6:26  Probe  
  69  6:27  Probe  
  71  6:35  Pylon  
  71  6:37  Colossus  
  71  6:38  Observer  
  71  6:40  Zealot  
  71  6:41  Zealot  
  71  6:46  Extended Thermal Lance  
  81  6:56  Pylon  
  81  7:01  Nexus  
  81  7:06  Forge  
  81  7:20  Colossus  
  81  7:21  Zealot x2  
  85  7:29  Observer  
  83  7:30  Stalker x2  
  83  7:32  Sentry  
  83  7:35  Zealot  
  83  7:36  Probe x2  
  99  7:42  Zealot  
  101  7:48  Probe  
  102  7:59  Pylon  
  102  8:01  Pylon  
  102  8:03  Pylon  
  97  8:09  Shield Battery, Protoss Ground Weapons Level 1  
  96  8:12  Pylon  
  96  8:14  Pylon  
  96  8:19  Pylon  
  96  8:21  Probe, Zealot x4  
  96  8:23  Disruptor  
  92  8:43  Pylon x2  
  92  8:46  Stalker x4, Nexus  
  78  9:03  Stalker  
  78  9:09  Pylon  
  86  9:11  Pylon  
  86  9:22  Sentry x2, Zealot x2  
  94  9:29  Probe x2  
  94  9:30  Templar Archives  
  90  9:46  Probe x2  
  90  9:48  Pylon, Nexus  
  90  9:51  Gateway  
  92  9:53  Gateway  
  92  10:01  Gravitic Drive  
  92  10:02  Zealot x3  
  92  10:05  Probe, Psionic Storm  
  92  10:06  Probe  
  100  10:07  Probe  
  101  10:19  High Templar x2  
  105  10:22  Protoss Ground Armor Level 1  
  105  10:23  Assimilator  
  105  10:24  Assimilator  
  105  10:25  Shield Battery  
  105  10:26  High Templar  
  105  10:27  High Templar  
  109  10:36  Photon Cannon  
  109  10:37  Gateway  
  109  10:52  High Templar  
  109  10:55  Photon Cannon  
  110  10:57  Photon Cannon  
  110  10:58  Shield Battery  
  110  11:00  Zealot  
  110  11:01  Zealot x3  
  110  11:03  Probe x3  
  120  11:10  Shield Battery  
  121  11:11  Probe  
  122  11:21  Probe x3  
  122  11:24  Disruptor  
  121  11:36  Robotics Facility  
  121  11:37  Probe  
  125  11:43  Zealot x8  
  141  11:47  Shield Battery  
  141  11:49  Probe, Pylon  
  140  12:03  Zealot x6  
  140  12:06  Disruptor  
  150  12:19  Zealot x2  
  157  12:24  Protoss Ground Armor Level 2  
  157  12:30  Archon  
  157  12:33  Zealot x5  
  157  12:34  Zealot  
  167  12:41  Warp Prism  
  167  12:44  Zealot x2  
  165  12:50  Disruptor  
  143  12:53  Probe x2  
  143  12:55  Forge  
  150  12:59  Stalker x5  
  150  13:00  Observer  
  150  13:04  Protoss Ground Weapons Level 2  
  144  13:12  Dark Shrine  
  144  13:16  Gateway x2  
  144  13:23  Probe  
  145  13:29  Probe  
  145  13:30  Probe x2, Nexus  
  145  13:32  Photon Cannon, Observer  
  145  13:33  Pylon, Observer  
  150  13:35  Probe, Pylon  
  149  13:54  Photon Cannon  
  149  13:55  Photon Cannon  
  149  13:57  Photon Cannon, High Templar x2  
  149  13:58  High Templar  
  149  13:59  Photon Cannon, High Templar  
  149  14:00  Shield Battery  
  149  14:02  Shield Battery, Zealot  
  157  14:09  Gateway  
  157  14:15  Gateway  
  157  14:16  Zealot x5  
  162  14:26  Shadow Stride  
  162  14:29  Disruptor x2  
  160  14:33  Zealot x5  
  170  14:43  Zealot x5  
  164  15:05  Disruptor  
  160  15:07  Zealot x9  
  160  15:10  Dark Templar  
  167  15:24  Probe  
  167  15:25  Dark Templar x2  
  152  15:37  Probe, High Templar  
  152  15:38  High Templar x8  
  163  15:44  Archon x3  
  163  15:45  Archon  
  163  15:46  Zealot  
  140  15:59  Dark Templar x2  
  100  16:23  Stalker x4  
  100  16:24  Stalker  
  104  16:25  Archon  
  104  16:28  Zealot x2  
  104  16:29  Zealot x2  
  103  16:39  Zealot x2  
  69  16:54  Zealot x6  
  69  16:55  Zealot x3  
  69  16:58  Probe  
  85  17:06  Probe, Assimilator  
  85  17:07  Assimilator  
  84  17:08  Stalker x2  
  84  17:14  Assimilator  
  89  17:15  Stalker  
  89  17:16  Assimilator  
  89  17:18  Zealot x4  
  89  17:21  Zealot  
  101  17:26  Probe  
  101  17:34  Probe  
  102  17:40  Observer  
  102  17:41  Observer  
  102  17:43  Zealot x6  
  113  17:48  Assimilator  
  113  17:51  Probe  
  113  17:52  Probe  
  115  17:59  Zealot x3  
  119  18:08  Stalker x3  
  125  18:17  Dark Templar x2  
  125  18:19  Dark Templar  
  131  18:26  Dark Templar  
  133  18:29  Zealot x2  
  133  18:32  Stalker  
  138  18:46  Zealot x3, Dark Templar  
  146  18:49  Disruptor  
  146  19:01  Probe x2  
  149  19:11  Dark Templar x2  
  149  19:12  Zealot x4  
  149  19:15  Disruptor  
  155  19:29  Zealot x4  
  158  19:51  Warp Prism  
  123  19:54  Stalker x4  
  123  19:55  Stalker x3  
  119  20:28  Dark Templar x2  
  119  20:30  Nexus  
  93  20:44  Dark Templar x4  
  93  20:45  Zealot x3  
  96  20:54  Zealot x2  
  94  21:03  Stalker x2  
  94  21:04  Disruptor  
  98  21:07  Pylon  
  98  21:11  Pylon  
  101  21:20  High Templar x2  
  105  21:28  Zealot x2, Dark Templar  
  105  21:29  Pylon  
  105  21:31  Observer  
  111  21:38  Probe  
  111  21:45  Probe x3  
  111  21:46  Probe x2  
  116  21:47  Shield Battery  
  116  21:48  Shield Battery  
  116  21:49  High Templar x2  
  116  21:54  Zealot x2  
  125  22:04  Zealot x2  
  125  22:05  Zealot x2  
  131  22:16  Zealot x4  
  131  22:19  Stalker  
  113  22:31  Stalker x3  
  113  22:32  Stalker  
  114  22:42  Probe  
  114  22:43  Stalker x2  
  116  22:50  Probe  
  106  23:04  Archon  
  100  23:06  Zealot  
  100  23:07  Zealot x5  
  100  23:12  Dark Templar  
  108  23:14  High Templar x2  
  112  23:24  Dark Templar x2  
  104  23:27  Zealot  
  104  23:28  Archon  
  104  23:33  Zealot x2  
  93  23:44  Zealot x3  
  93  23:50  Stalker  
Tags
 
Add a new tag
Caveats
  • Supply blocks, unpowered buildings, or Contaminate may cause inaccurate times.
  • Supply counts are checked every 10 seconds.